AoeStats
← iAlejandrouae

Arena

505902113Analyzed
4v4 RM · 21d ago on Sep 11, 2026· 26m 53s· 8 players
Game mode
Random Map
Map size
Large (8 player)
Population
200
Speed
Normal
Resources
Standard
Victory
Conquest
Starting age
Dark Age
Ending age
Imperial Age
RankedLock teamsTeams togetherTeam positionsShared explorationLock speedFull tech treeHidden civsTurbo modeCheats
Victory
Defeat
🇦🇷 Persians · Argentina
1568
+12
🇪🇨 Cumans · Ecuador
1429
+17
🇪🇸 Goths · Spain
1407
+18
🇨🇴 Italians · Colombia
1372
+20
🇨🇳 Tupi · China
1557
-21
🇨🇳 Slavs · China
1474
-17
🇧🇷 Britons · Brazil
1411
-15
🇭🇰 Aztecs · Hong Kong SAR China
1395
-14
iAlejandrouae
10:25 Feudal Age
14:31 Castle Age
12:39 Horse Collar
14:03 Double-Bit Axe
15:10 Bow Saw
16:39 Husbandry
22:44 Wheelbarrow
23:06 Heavy Plow
24:33 Bloodlines
25:22 Forging
25:51 Hand Cart
27:01 Loom
27:02 Town Watch
CARANZA
2:01 Loom
11:51 Feudal Age
12:22 Double-Bit Axe
15:40 Castle Age
14:37 Horse Collar
15:26 Gold Mining
18:06 Fervor
21:40 Scale Mail Armor
23:18 Forging
26:26 Iron Casting
27:21 Chain Mail Armor
Maty
7:10 Loom
9:42 Feudal Age
10:34 Double-Bit Axe
11:37 Horse Collar
19:39 Wheelbarrow
23:27 Castle Age
21:53 Bloodlines
21:54 Forging
22:49 Gold Mining
23:29 Stone Mining
23:30 Light Cavalry
24:20 Scale Barding Armor
24:34 Bow Saw
24:24 Heavy Plow
24:17 Town Watch
uribeparacohp
5:56 Loom
8:26 Feudal Age
8:52 Double-Bit Axe
10:23 Fletching
20:03 Wheelbarrow
24:23 Castle Age
22:38 Horse Collar
23:17 Town Watch
江哥
10:15 Feudal Age
9:16 Loom
11:00 Double-Bit Axe
18:16 Castle Age
17:41 Fletching
23:47 Bow Saw
Steve
10:32 Feudal Age
12:46 Loom
15:23 Castle Age
13:47 Double-Bit Axe
14:39 Horse Collar
15:37 Gold Mining
18:47 Fervor
20:17 Wheelbarrow
19:27 Town Watch
22:48 Pikeman
24:26 Forging
Karzul
10:03 Feudal Age
11:28 Loom
14:30 Castle Age
13:59 Fletching
15:26 Double-Bit Axe
18:08 Horse Collar
24:37 Wheelbarrow
Mick...
10:50 Feudal Age
15:09 Castle Age
13:11 Double-Bit Axe
13:35 Horse Collar
17:20 Bow Saw
16:58 Loom
20:19 Pikeman
21:00 Squires
Connection lost

Rejoining the realm…

Still unreachable

The connection could not be restored.

Session expired

The server has moved on; the page needs a fresh start.